 Dungeon Crawl Stone Soup version 0.27-a0-652-g2d5cf1dcd3 (webtiles) character file.

Game seed: 15867201204754769250

382 Rildar the Digger (level 6, -2/35 HPs)
             Began as a Gargoyle Earth Elementalist on Mar 16, 2021.
             Slain by Dowan
             ... wielding a +0 dagger
              (4 damage)
             ... on level 4 of the Dungeon.
             The game lasted 00:07:54 (4736 turns).

Rildar the Digger (Gargoyle Earth Elementalist)     Turns: 4736, Time: 00:07:54

Health: -2/35      AC:  7    Str: 11    XL:     6   Next: 76%
Magic:  3/12       EV: 12    Int: 20    God:
Gold:   181        SH:  0    Dex: 16    Spells: 4/13 levels left

rFire    . . .     SeeInvis .   l - +3 dagger (drain)
rCold    . . .     Faith    .   (no shield)
rNeg     + . .     Spirit   .   c - +1 robe
rPois    ∞         Reflect  .   (no helmet)
rElec    +         Harm     .   (no cloak)
rCorr    .         Rampage  .   (no gloves)
Will     .....                  (no boots)
Stlth    ++........             f - amulet of magic regeneration
HPRegen  0.11/turn              d - ring of wizardry
MPRegen  0.38/turn              k - +6 ring of dexterity

@: brilliant
A: AC +4, negative energy resistance 1, electricity resistance, torment
resistance 1, unbreathing 1, petrification resistance, clever 1, sense
surroundings 1, robust 1
a: no special abilities


You were on level 4 of the Dungeon.
You visited 1 branch of the dungeon, and saw 4 of its levels.

You collected 181 gold pieces.

Inventory:

Hand Weapons
 h - a +0 dagger
 i - a +0 short sword
 l - a +3 dagger of draining (weapon)
Missiles
 b - 101 stones
Armour
 c - a +1 robe (worn)
Jewellery
 d - a ring of wizardry (right hand)
 f - an amulet of magic regeneration (around neck)
 k - a +6 ring of dexterity (left hand)
Wands
 g - a wand of flame (12)
 o - a wand of random effects (12)
Scrolls
 j - a scroll of identify
 n - a scroll of fog
Potions
 a - a potion of brilliance
 e - a potion of attraction
 m - a potion of resistance
 p - a potion of mutation


   Skills:
 - Level 1.5 Dodging
 - Level 2.1 Stealth
 + Level 4.1 Spellcasting
 + Level 3.4 Conjurations
 - Level 0.7 Transmutations
 + Level 6.0 Earth Magic


You had 4 spell levels left.
You knew the following spells:

 Your Spells              Type           Power      Damage    Failure   Level
a - Sandblast             Erth           84%        2d18      1%          1
b - Stone Arrow           Conj/Erth      68%        3d11      2%          3
c - Lee's Rapid Deconstr  Erth           21%        3d13*     12%         5

Your spell library contained the following spells:

 Spells                   Type           Power      Damage    Failure   Level
 Passwall                 Tmut/Erth      21%        N/A       1%          2
 Petrify                  Tmut/Erth      26%        N/A       12%         4


Dungeon Overview and Level Annotations

Branches:
Dungeon (4/15)
 Temple: D:4-7

Altars:
Elyvilon
Uskayaw
Xom
Yredelemnul

Shops:
D:4 =

Annotations:
D:4 Dowan


Innate Abilities, Weirdness & Mutations

Your stone body is resilient. (AC +4)
You are immune to poison.
You resist negative energy. (rN+)
You are resistant to electric shocks. (rElec)
You are resistant to unholy torment.
You can survive without breathing.
You are immune to petrification.
Your mind is acute. (Int +2)
You passively map a small area around you.
You are robust. (+10% HP)


Message History

* * * LOW HITPOINT WARNING * * *
Unknown command.
As you read the scroll of fog, it crumbles to dust.
The scroll dissolves into smoke.
Duvessa barely misses you.
Unknown command.
Casting: Stone Arrow (dangerous; 2% risk of failure)
Confirm with . or Enter, or press ? or * to list all spells.
Aiming: Stone Arrow (dangerous; 2% risk of failure)
Press: ? - help, Shift-Dir - straight line, f/p - Duvessa
Aim: Duvessa, wielding a +0 short sword and wearing a +0 chain mail (purple smoke, heavily wounded, lightly drained, 16% to evade)
You feel a surge of power!
The stone arrow misses Duvessa.
Unknown command.
Casting: Stone Arrow (dangerous; 2% risk of failure)
Confirm with . or Enter, or press ? or * to list all spells.
Aiming: Stone Arrow (dangerous; 2% risk of failure)
Press: ? - help, Shift-Dir - straight line, f/p - Duvessa
Aim: Duvessa, wielding a +0 short sword and wearing a +0 chain mail (purple smoke, heavily wounded, lightly drained, 16% to evade)
You feel a surge of power!
The stone arrow hits Duvessa!
Duvessa is almost dead.
Dowan smirks and points a slender finger.
Casting: Stone Arrow (dangerous; 2% risk of failure)
Confirm with . or Enter, or press ? or * to list all spells.
Aiming: Stone Arrow (dangerous; 2% risk of failure)
Press: ? - help, Shift-Dir - straight line, f/p - Duvessa
Aim: Duvessa, wielding a +0 short sword and wearing a +0 chain mail (purple smoke, almost dead, lightly drained, 16% to evade)
You feel a surge of power!
The stone arrow hits Duvessa!!
You kill Duvessa!
Dowan's eyes darken. "You have made a black mistake."
Dowan seems to find hidden reserves of power!
Dowan completely misses you.
Your Spellcasting skill increases to level 4!
Your Earth Magic skill increases to level 6!
Casting: Stone Arrow (dangerous; 2% risk of failure)
Confirm with . or Enter, or press ? or * to list all spells.
Aiming: Stone Arrow (dangerous; 2% risk of failure)
Press: ? - help, Shift-Dir - straight line, f - Dowan
Aim: Dowan, wielding a +0 dagger and wearing a +0 robe (purple smoke, fast, 36% to evade)
You feel a surge of power!
The stone arrow misses Dowan.
Dowan hits you with a +0 dagger.
You die...

.# #.# #.# ##
* #.# ### #.#
#.. ###.# *
#.# #...# ,
#.# #.### *
#######.###§#
* **
#.8.<.∩.8§#§#
#.#####.#§§@#
#.####..§##e#
#§).....e§§§#
##.###..§####
* ##.## #..,
, * , ### * *
, * * , *


You could see Dowan (fast).

Vanquished Creatures
  Duvessa (D:4)
  2 iguanas (D:4)
  Natasha (thrice) (D:2)
  A worker ant (D:4)
  4 adders
  A worm (D:2)
  A dart slug (D:3)
  5 leopard geckos
  10 orcs
  4 ball pythons
  3 giant cockroaches
  6 goblins
  4 hobgoblins
  12 jackals
  8 kobolds
  6 bats
  A frilled lizard (D:1)
  A leopard gecko skeleton (D:4)
  11 rats
84 creatures vanquished.

Notes
Turn   | Place    | Note
-------+----------+-------------------------------------------
     0 | D:1      | Rildar the Gargoyle Earth Elementalist began the quest for
                  | the Orb.
     0 | D:1      | Reached XP level 1. HP: 10/10 MP: 3/3
   255 | D:1      | Reached XP level 2. HP: 11/15 MP: 3/5
   264 | D:1      | Reached skill level 4 in Earth Magic
  1494 | D:2      | Reached XP level 3. HP: 19/19 MP: 5/7
  1533 | D:2      | Learned a level 3 spell: Stone Arrow
  2482 | D:2      | Noticed Natasha
  2492 | D:2      | Killed Natasha
  2493 | D:2      | Reached skill level 1 in Conjurations
  2493 | D:2      | Reached XP level 4. HP: 8/24 MP: 6/8
  2638 | D:2      | Noticed Natasha
  2644 | D:2      | Killed Natasha
  2844 | D:2      | Noticed Natasha
  2851 | D:2      | Killed Natasha
  2852 | D:2      | Reached skill level 5 in Earth Magic
  2852 | D:2      | Reached XP level 5. HP: 27/28 MP: 6/10
  2860 | D:2      | Learned a level 5 spell: Lee's Rapid Deconstruction
  3680 | D:3      | Found a white marble altar of Elyvilon.
  3680 | D:3      | Found a faded altar of an unknown god.
  3695 | D:3      | Found a shimmering altar of Xom.
  3766 | D:3      | Found a hide-covered altar of Uskayaw.
  4118 | D:3      | Found a faded altar of an unknown god.
  4170 | D:3      | Gained mutation: You passively map a small area around you.
                  | [potion of mutation]
  4170 | D:3      | Gained mutation: Your mind is acute. (Int +2) [potion of
                  | mutation]
  4170 | D:3      | Gained mutation: You are robust. (+10% HP) [potion of
                  | mutation]
  4262 | D:4      | Reached XP level 6. HP: 24/35 MP: 8/11
  4709 | D:4      | Found Hyaquac's Jewellery Shop.
  4712 | D:4      | Noticed Dowan
  4714 | D:4      | Noticed Duvessa
  4729 | D:4      | HP: 1/35 [Duvessa/+0 short sword (4)]
  4735 | D:4      | Killed Duvessa
  4736 | D:4      | Reached skill level 6 in Earth Magic
  4736 | D:4      | Slain by Dowan

Illustrated notes

Levels and vault maps discovered:
D:1:      nicolae_arrival_memento_mori, layout_basic, hex_tiny, minivault_11,
          minmay_misc_feat_hallway, amcnicky_mini_rare_corridor_liquid
D:2:      layout_basic, uniq_natasha
D:3:      layout_loops_ring, chequers_temple_overflow_minitemple,
          chequers_ecumenical_altar_simple
D:4:      layout_loops_ring, serial_shops, shop_statue, uniq_blork_the_orc,
          uniq_sigmund, uniq_duvessa

Skill      XL: |  1  2  3  4  5  6 |
---------------+-------------------+-----
Earth Magic    | 4 5 6 |  6.0
Spellcasting   | 3 4 |  4.1
Conjurations   | 1 2 3 |  3.4
Dodging        | |  1.5
Stealth        | |  2.1
Transmutations | |  0.7

Action                   |  1- 3 |  4- 6 || total
-------------------------+-------+-------++-------
Melee: Unarmed           |    24 |       ||    24
       Short sword       |    55 |       ||    55
       Dagger            |     6 |   143 ||   149
 Cast: Sandblast         |    25 |    17 ||    42
       Stone Arrow       |       |     5 ||     5
  Use: Potion            |     2 |     3 ||     5
       Scroll            |       |    11 ||    11
 Stab: Sleeping          |     2 |     2 ||     4
       Distracted        |       |     1 ||     1
Armor: Robe              |    20 |    65 ||    85
Dodge: Dodged            |    60 |    95 ||   155

Table legend: (Time is in decaauts)
 A = Elapsed time spent in this place.
 B = Non-inter-level travel time spent in this place.
 C = Inter-level travel time spent in this place.
 D = Time resting spent in this place.
 E = Time spent auto-exploring this place.
 F = Levels seen in this place.
 G = Mean time per level.
                   A        B        C        D        E       F      G
               +--------+--------+--------+--------+--------+-----+--------+
         Total |   4738 |   4671 |     67 |    643 |   3387 |   4 | 1184.5 |
       Dungeon |   4738 |   4671 |     67 |    643 |   3387 |   4 | 1184.5 |
               +--------+--------+--------+--------+--------+-----+--------+

Top non-repeatable levels by time:
     D:2: 1762 daAuts
     D:1: 1470 daAuts
     D:3: 1022 daAuts
     D:4: 482 daAuts
